 Dungeon Crawl Stone Soup version 0.29-a0-219-g0a02b1cf4f (webtiles) character file.

Game seed: 7987732612704636496

5338 bande the Cleaver (level 10, -16/63 HPs)
             Began as a Gargoyle Fighter on Feb 26, 2022.
             Was a Priest of Okawaru.
             Shot with an arrow by a centaur warrior (20 damage)
             ... on level 8 of the Dungeon.
             The game lasted 00:17:57 (10994 turns).

bande the Cleaver (Gargoyle Fighter)               Turns: 10994, Time: 00:17:58

Health: -16/63     AC: 23    Str: 19    XL:     10   Next: 65%
Magic:  13/13      EV:  7    Int: 10    God:    Okawaru [***...]
Gold:   386        SH:  7    Dex: 13    Spells: 9/9 levels left

rFire   . . .      SeeInvis .   a - +0 war axe (protect)
rCold   . . .      Faith    +   E - +2 buckler
rNeg    + . .      Spirit   .   I - +3 chain mail {Will+}
rPois   ∞          Reflect  .   r - +0 helmet
rElec   +          Harm     .   (no cloak)
rCorr   .          Rampage  .   (no gloves)
Will    +....                   f - +0 pair of boots
Stlth   ..........              A - amulet of faith
HPRegen 0.20/turn               m - +4 ring of slaying
MPRegen 0.13/turn               p - ring of flight

@: flying
A: sickness immunity, AC +7, negative energy resistance 1, electricity
resistance, torment resistance 1, petrification resistance
a: Renounce Religion, Heroism


You were on level 8 of the Dungeon.
You worshipped Okawaru.
Okawaru was most pleased with you.
You visited 2 branches of the dungeon, and saw 9 of its levels.
You also visited: Ossuary.

You collected 386 gold pieces.

Inventory:

Hand Weapons
 a - a +0 war axe of protection (weapon)
 l - a +1 war axe of venom
 F - a +5 mace of freezing
 H - the +10 hand crossbow of the Spider {venom, rCorr}
   (You took it off a wight on level 8 of the Dungeon)

   Any ammunition fired from it poisons the flesh of those it strikes.
   rCorr:     It protects you from acid and corrosion.
Missiles
 B - 5 throwing nets (quivered)
Armour
 f - a +0 pair of boots (worn)
 i - a +1 scale mail of fire resistance
 r - a +0 helmet (worn)
 E - a +2 buckler (worn)
 I - a +3 chain mail of willpower (worn)
Jewellery
 k - a ring of fire
 m - a +4 ring of slaying (left hand)
 p - a ring of flight (right hand)
 w - a ring of positive energy
 x - an amulet of the acrobat
 A - an amulet of faith (around neck)
 G - a ring of magical power
Wands
 b - a wand of flame (8)
 g - a wand of polymorph (8)
 D - a wand of iceblast (4)
Scrolls
 n - 8 scrolls of teleportation
 s - 2 scrolls of silence
 y - a scroll of identify
 z - a scroll of amnesia
Potions
 d - a potion of might
 e - 2 potions of heal wounds
 h - 5 potions of berserk rage
 j - 2 potions of invisibility
 o - 3 potions of haste
 q - 3 potions of ambrosia
 t - 2 potions of magic
 u - 2 potions of curing
 C - a potion of cancellation


   Skills:
 + Level 7.0 Fighting
 + Level 9.4 Axes
 + Level 7.3 Armour
 + Level 5.5 Shields
 * Level 4.5 Invocations
 * Level 5.5 Evocations


You had 9 spell levels left.
You didn't know any spells.
Your spell library contained the following spells:

 Spells                   Type           Power      Damage    Failure   Level
 Beastly Appendage        Tmut           0%         N/A       99%         1
 Magic Dart               Conj           0%         1d3       99%         1
 Blink                    Tloc           0%         N/A       100%        2
 Searing Ray              Conj           0%         2d4       100%        2
 Static Discharge         Conj/Air       0%         N/A       100%        2
 Wereblood                Tmut           0%         N/A       100%        2
 Lesser Beckoning         Tloc           0%         N/A       100%        3
 Portal Projectile        Hex/Tloc       0%         N/A       100%        3
 Spider Form              Tmut/Pois      0%         N/A       100%        3
 Dispel Undead            Necr           0%         3d6       100%        4
 Fulminant Prism          Conj/Hex       0%         3d6       100%        4
 Petrify                  Tmut/Erth      0%         N/A       100%        4
 Sticky Flame             Conj/Fire      0%         2d3       100%        4
 Blade Hands              Tmut           0%         N/A       100%        5
 Excruciating Wounds      Necr           0%         N/A       100%        5
 Irradiate                Conj/Tmut      0%         3d14      100%        5
 Manifold Assault         Tloc           0%         N/A       100%        5
 Iron Shot                Conj/Erth      0%         9d1       100%        6
 Sublimation of Blood     Necr           Unusable   N/A       N/A         2
 Animate Armour           Summ/Erth      Unusable   N/A       N/A         4

Dungeon Overview and Level Annotations

Branches:
Dungeon (8/15)             Temple (1/1) D:6         Ossuary (visited)
   Lair: D:8-11

Altars:
Ashenzari
Makhleb
Okawaru
Trog
The Shining One
Beogh

Shops:
D:2 (!*   D:5 (   D:7 !(*?

Annotations:
D:8 Grum


Innate Abilities, Weirdness & Mutations

You are immune to sickness and miasma.
Your stone body is resilient. (AC +7)
You are immune to poison.
You resist negative energy. (rN+)
You are resistant to electric shocks. (rElec)
You are resistant to unholy torment.
You are immune to petrification.


Message History

As you read the scroll labelled EVETU HOFOIHI, it crumbles to dust.
You assume a fearsome visage.
Nothing appears to happen.
It was a scroll of fear.
u - 2 potions of curing (gained 1)
You now have 386 gold pieces (gained 14).
A boulder beetle, a manticore and 2 centaur warriors come into view.
Found a thin jewelled staff and a long jewelled staff.
The centaur warrior shouts!
The centaur warrior wields a +0 shortbow.
The centaur warrior shoots an arrow.
The arrow hits you.
The centaur warrior wields a +0 shortbow.
The centaur warrior shoots an arrow.
The arrow hits you.
The boulder beetle leaps!
The manticore flicks its tail.
The volley of spikes hits you but does no damage.
The centaur warrior shoots an arrow.
The arrow hits you.
The centaur warrior shoots an arrow.
You block the arrow.
The centaur warrior shoots an arrow.
The arrow hits you but does no damage.
A centaur comes into view.
The centaur shouts!
The centaur warrior shoots an arrow.
The arrow completely misses you.
The centaur warrior shoots an arrow.
The arrow hits you but does no damage.
The centaur warrior shoots an arrow.
The arrow hits you!
Things that are here:
a +0 dagger; 7 poisoned darts The centaur warrior shoots an arrow.
The arrow hits you!
The centaur warrior shoots an arrow.
You block the arrow.
The centaur warrior shoots an arrow.
The arrow closely misses you.
The centaur warrior shoots an arrow.
The arrow hits you but does no damage.
The centaur warrior shoots an arrow.
You block the arrow.
The centaur warrior shoots an arrow.
The arrow hits you but does no damage.
The centaur warrior shoots an arrow.
The arrow hits you!
There is an open door here.
The centaur warrior shoots an arrow.
The arrow hits you!
* * * LOW HITPOINT WARNING * * *
As you open the door, it creaks loudly!
The centaur warrior shoots an arrow.
The arrow hits you!
* * * LOW HITPOINT WARNING * * *
The centaur warrior shoots an arrow.
The arrow hits you!!
You die...

############### #..............
#.#####.####### #.#.........#Bc
##.##.#.#.#.##..# #..##+#'#@#+#
##.# #..##...#...###.#.# ##
#..#....#....#.#.#.# #.#
#..###'###'####.#.#.#c#
######..##.......# #.#.#.#
#.....#..##.....c.# #.#H#.H#
#.........##.......# #.##c|#
...<......#####c#########H#####
..........# #...#.##.c.c#....#


You could see a centaur warrior.

Vanquished Creatures
  Harold (D:8)
  Joseph (D:7)
  A slime creature (D:8)
  A steam dragon (D:7)
  Edmund (D:4)
  4 water moccasins
  2 sky beasts
  2 ice beasts (D:5)
  3 necrophages
  6 ogres
  3 wolves
  A centaur (D:6)
  2 kobold brigands (D:8)
  A bullfrog (D:7)
  4 scorpions
  8 water moccasin zombies (Ossuary)
  6 killer bees (D:7)
  3 wights
  3 howler monkeys
  2 hounds
  A jelly (D:7)
  4 orc priests
  A gnoll shaman (D:7)
  Terence (D:2)
  2 orc wizards
  2 iguanas (D:6)
  5 mummies
  Robin (D:4)
  2 howler monkey zombies (D:7)
  8 gnolls
  4 adders
  A river rat (D:5)
  A shadow imp (D:7)
  A white imp (D:8)
  An adder zombie (Ossuary)
  A worm (D:3)
  A dart slug (D:1)
  16 orcs
  6 endoplasms
  3 giant cockroaches
  16 goblins
  12 hobgoblins
  3 quokkas
  8 ball pythons
  7 bats
  3 frilled lizards
  A gnoll zombie (Ossuary)
  4 hobgoblin zombies (Ossuary)
  12 kobolds
  7 kobold zombies (Ossuary)
  3 orc zombies (Ossuary)
  7 rats
200 creatures vanquished.

Vanquished Creatures (others)
  4 withered plants (D:7)
4 creatures vanquished.

Grand Total: 204 creatures vanquished

Notes
Turn   | Place    | Note
-------+----------+-------------------------------------------
     0 | D:1      | bande the Gargoyle Fighter began the quest for the Orb.
     0 | D:1      | Reached XP level 1. HP: 14/14 MP: 1/1
   126 | D:1      | Reached XP level 2. HP: 14/19 MP: 2/2
   227 | D:1      | Reached skill level 2 in Axes
   784 | D:1      | Reached XP level 3. HP: 5/24 MP: 3/3
   784 | D:1      | HP: 1/24 [adder (4)]
  1380 | D:2      | Found a faded altar of an unknown god.
  1414 | D:2      | Noticed Terence
  1427 | D:2      | Killed Terence
  1428 | D:2      | Reached XP level 4. HP: 7/29 MP: 4/4
  1929 | D:2      | Found Kibyo's General Store.
  1984 | D:2      | Found Qoatry's Antique Weapon Shoppe.
  2052 | D:2      | Found Tuppauh's Distillery.
  2180 | D:3      | Noticed a necrophage
  2189 | D:3      | Killed a necrophage
  2190 | D:3      | Reached skill level 3 in Axes
  2190 | D:3      | Reached XP level 5. HP: 27/34 MP: 5/5
  2485 | D:3      | Reached XP level 6. HP: 39/39 MP: 6/6
  2715 | D:4      | Noticed Edmund
  2730 | D:4      | Killed Edmund
  2731 | D:4      | Reached skill level 4 in Axes
  2731 | D:4      | Reached skill level 1 in Evocations
  2844 | D:4      | Found a sand-covered staircase.
  2849 | Ossuary  | Entered an ossuary
  2905 | Ossuary  | Reached XP level 7. HP: 31/44 MP: 7/7
  2932 | Ossuary  | Reached skill level 5 in Axes
  3283 | Ossuary  | Reached skill level 5 in Armour
  3402 | Ossuary  | Reached skill level 5 in Fighting
  3733 | D:4      | Reached XP level 8. HP: 45/49 MP: 8/8
  4342 | D:4      | Noticed Robin
  4351 | D:4      | Reached skill level 6 in Axes
  4351 | D:4      | Killed Robin
  5076 | D:5      | Entered Level 5 of the Dungeon
  5627 | D:5      | Found Bugis's Weapon Boutique.
  6010 | D:5      | Reached skill level 7 in Axes
  6268 | D:6      | Reached XP level 9. HP: 52/55 MP: 9/9
  6291 | D:6      | Found a staircase to the Ecumenical Temple.
  6301 | Temple   | Entered the Ecumenical Temple
  6312 | Temple   | Became a worshipper of Warmaster Okawaru
  6773 | D:5      | Reached skill level 1 in Invocations
  7015 | D:6      | Found a bloodstained altar of Trog.
  7187 | D:7      | Found Reefos's General Store.
  7187 | D:7      | Found Iseir's Magic Scroll Shoppe.
  7188 | D:7      | Found Kotet's Distillery.
  7188 | D:7      | Found Goloe's Weapon Shoppe.
  7333 | D:7      | Noticed Joseph
  7336 | D:7      | Reached * piety under Okawaru
  7353 | D:7      | Killed Joseph
  7354 | D:7      | Reached skill level 8 in Axes
  8556 | D:7      | Reached ** piety under Okawaru
  8557 | D:7      | Reached XP level 10. HP: 54/61 MP: 12/12
  8678 | D:7      | Reached skill level 5 in Shields
  8838 | D:7      | Reached skill level 5 in Evocations
  9482 | D:8      | Noticed Harold
  9758 | D:8      | Killed Harold
  9759 | D:8      | Reached skill level 9 in Axes
 10162 | D:8      | Noticed Grum
 10193 | D:7      | Reached *** piety under Okawaru
 10708 | D:8      | Identified the +10 hand crossbow of the Spider {venom,
                  | rCorr}
 10971 | D:8      | Noticed a centaur warrior
 10971 | D:8      | Noticed a boulder beetle
 10971 | D:8      | Noticed a manticore
 10971 | D:8      | Noticed a centaur warrior
 10994 | D:8      | Shot with an arrow by a centaur warrior

Illustrated notes

Levels and vault maps discovered:
D:1:      minmay_arrival_cross, layout_basic
D:2:      layout_rooms, hellmonk_ecumenical_altar_arch_garden, serial_shops,
          nicolae_diamond_shop, shop, shop, uniq_terence
D:3:      layout_basic
D:4:      layout_cave_pools, nicolae_ossuary_entry_false_entrances,
          kennysheep_generic_room_4, uniq_edmund, uniq_robin
D:5:      layout_loops_ring, portal_sewer_entry_a, serial_shops, shop
D:6:      layout_rooms, trog_hazing_becter, minmay_temple_entry_ruins
D:7:      layout_rooms, serial_undead, serial_undead_b, serial_undead_b,
          serial_undead_f, serial_undead_d, serial_undead_d, serial_undead_b,
          minmay_shop_grid_forest, david_defended_altar_orc, uniq_joseph
D:8:      layout_rooms, minmay_the_grid_2x2 [minmay_the_grid_tree,
          minmay_the_grid_diamond_grid, minmay_the_grid_square_x,
          minmay_the_grid_prize_four_corners_diamond_b], uniq_harold, uniq_grum
Temple:   mainiacjoe_temple_circle_huts

Skill      XL: |  1  2  3  4  5  6  7  8  9 10 |
---------------+-------------------------------+-----
Axes           | 2 3 4 5 7 8 9 |  9.4
Fighting       | 4 5 6 7 |  7.0
Armour         | 4 5 6 7 |  7.3
Evocations     | 1 2 3 4 5 |  5.5
Shields        | 4 5 |  5.5
Invocations    | 3 4 |  4.5

Action                   |  1- 3 |  4- 6 |  7- 9 | 10-12 || total
-------------------------+-------+-------+-------+-------++-------
Melee: War axe           |    74 |   114 |   398 |    96 ||   682
  Use: Scroll            |     4 |     4 |    10 |     2 ||    20
       Potion            |       |       |     2 |       ||     2
Armor: Scale mail        |    61 |    59 |    47 |       ||   167
       Plate armour      |       |       |   202 |   151 ||   353
       Chain mail        |       |       |       |     5 ||     5
Dodge: Dodged            |    39 |    41 |    98 |    48 ||   226
Block: Buckler           |    20 |    25 |    74 |    61 ||   180

Table legend: (Time is in decaauts)
 A = Elapsed time spent in this place.
 B = Non-inter-level travel time spent in this place.
 C = Inter-level travel time spent in this place.
 D = Time resting spent in this place.
 E = Time spent auto-exploring this place.
 F = Levels seen in this place.
 G = Mean time per level.
                   A        B        C        D        E       F      G
               +--------+--------+--------+--------+--------+-----+--------+
         Total |  11172 |  11071 |    101 |   5188 |   4059 |  10 | 1117.2 |
       Dungeon |  10023 |   9937 |     86 |   4448 |   3890 |   8 | 1252.9 |
        Temple |    273 |    258 |     15 |    224 |      2 |   1 |  273.0 |
       Ossuary |    875 |    875 |      0 |    516 |    167 |   1 |  875.0 |
               +--------+--------+--------+--------+--------+-----+--------+

Top non-repeatable levels by time:
     D:7: 3060 daAuts
     D:4: 1537 daAuts
     D:5: 1372 daAuts
     D:1: 1303 daAuts
 Ossuary: 875 daAuts
     D:2: 853 daAuts
     D:8: 823 daAuts
     D:3: 622 daAuts
     D:6: 450 daAuts
  Temple: 273 daAuts
